 Dungeon Crawl Stone Soup version 0.26.1-2-gb8aa6d0 (webtiles) character file.

Game seed: 7891441539659012181

1711 Geeful the Covert (level 9, 0/62 HPs)
             Began as an Octopode Delver on Apr 9, 2021.
             Was an Initiate of Vehumet.
             Killed from afar by Maggie (24 damage)
             ... with a bolt of fire
             ... on level 6 of the Dungeon on Apr 10, 2021.
             The game lasted 00:25:19 (7080 turns).

Geeful the Covert (Octopode Delver)                 Turns: 7080, Time: 00:25:20

Health: 0/62       AC:  1    Str: 12    XL:     9   Next: 4%
Magic:  8/15       EV: 15    Int: 15    God:    Vehumet [......]
Gold:   331        SH:  7    Dex: 13    Spells: 15/16 levels left

rFire    . . .     SeeInvis .   b - +2 dagger (flame)
rCold    . . .     Faith    .   g - +2 buckler
rNeg     . . .     Spirit   .   (helmet restricted)
rPois    .         Reflect  .   (no amulet)
rElec    .         Harm     .   j - ring of resist corrosion
rCorr    +         Rampage  .   m - ring of willpower
Will     +....                  (no ring)
Stlth    +++++.....             (no ring)
HPRegen  0.20/turn              (no ring)
MPRegen  0.14/turn              (no ring)
                                (no ring)
                                (no ring)

@: lethally poisoned (0 -> -3), about to teleport, mesmerised
A: almost no armour, stealthy swim, amphibious, 8 rings, constrict 8, camouflage
1, gelatinous body 1
a: Renounce Religion


You were on level 6 of the Dungeon.
You worshipped Vehumet.
Vehumet was noncommittal.
You visited 2 branches of the dungeon, and saw 7 of its levels.

You collected 331 gold pieces.

Inventory:

Hand Weapons
 a - a +2 dagger of venom
 b - a +2 dagger of flaming (weapon)
 i - a +1 whip of flaming
 q - a +1 short sword
 t - a +1 falchion of freezing
Missiles
 n - 47 poisoned darts
 y - 3 curare-tipped darts (quivered)
 A - 2 atropa-tipped darts
Armour
 g - a +2 buckler (worn)
Jewellery
 j - a ring of resist corrosion (left tentacle)
 m - a ring of willpower (right tentacle)
Wands
 f - a wand of digging (3)
 k - a wand of polymorph (8)
Scrolls
 c - 5 scrolls of magic mapping
 d - a scroll of fear
 h - 3 scrolls of enchant weapon
 p - 7 scrolls of teleportation
 z - a scroll of identify
 B - a scroll of enchant armour
 D - a scroll of fog
Potions
 e - a potion of haste
 l - a potion of ambrosia
 o - a potion of brilliance {unknown}
 r - a potion of resistance {unknown}
 s - a potion of degeneration {unknown}
 u - a potion of flight {unknown}
 v - 3 potions of berserk rage
 x - a potion of might {unknown}
 E - a potion of curing {unknown}


   Skills:
 + Level 5.7 Fighting
 - Level 2.0 Short Blades
 + Level 5.2 Dodging
 - Level 9.0 Stealth
 - Level 4.0 Shields
 + Level 4.2 Spellcasting
 + Level 3.8 Conjurations


You had 15 spell levels left.
You knew the following spells:

 Your Spells              Type           Power        Failure   Level
a - Magic Dart            Conj           56%          3%          1

Your spell library contained the following spells:

 Spells                   Type           Power        Failure   Level
 Conjure Flame            Conj/Fire      8%           24%         3
 Blink                    Tloc           N/A          26%         2
 Call Imp                 Summ           3%           26%         2
 Slow                     Hex            3%           26%         2
 Mephitic Cloud           Conj/Pois/Air  7%           30%         3


Dungeon Overview and Level Annotations

Branches:
Dungeon (6/15)             Temple (1/1) D:5

Altars:
Elyvilon
Fedhas
Hepliaklqana
Nemelex Xobeh
Uskayaw
Vehumet
Xom
Yredelemnul
Zin

Annotations:
D:5 exclusion: downstairs
D:6 Edmund, Maggie


Innate Abilities, Weirdness & Mutations

You cannot wear most types of armour.
You are very stealthy in the water. (Stealth+)
You are amphibious.
You can wear up to eight rings at the same time.
You can use your tentacles to constrict eight enemies at once.
Your skin changes colour to match your surroundings (Stealth+).
Your rubbery body absorbs attacks. (AC +1, EV +1)


Message History

Maggie is severely wounded.
Maggie hits you with a +0 broad axe of flaming!
Maggie burns you.
Edmund throws a poisoned dart.
The poisoned dart hits you!
You are poisoned.
Casting: Magic Dart (safe; 3% risk of failure)
Confirm with . or Enter, or press ? or * to list all spells.
Aiming: Magic Dart (safe; 3% risk of failure)
Press: ? - help, Shift-Dir - straight line, f/p - Maggie
Aim: Maggie, wielding a +0 broad axe of flaming, wearing +0 steam dragon scales and carrying a wand of random effects (13) (severely wounded, mesmerising, very poisoned, slow, 0% to evade)
The magic dart hits Maggie.
Maggie is severely wounded.
You feel sick.
The phantom blinks!
Edmund throws a poisoned dart.
You block the poisoned dart.
Your magical contamination has completely faded away.
As you read the scroll of teleportation, it crumbles to dust.
You feel strangely unstable.
Edmund throws a poisoned dart.
The poisoned dart barely misses you. Maggie casts a spell at you.
The bolt of fire hits you!!
You die...

#......#####...........#.
#......#...............#.
#......#...............##
#......#.....############
#......#.........########
#......†>.)$.............
#..@.##...............####
.................''....'..'
.......#.##@###...##....####
.......#...@..§#........ ..
.#... #.......#.)...... ...
. #.......#............
#.#...........#......
#.#...(.......# .
#.....W.......# ####
#....(.......# ....
..(........ ....


You could see Maggie (mesmerising, very poisoned, slow), Edmund and a phantom.

Vanquished Creatures
  Duvessa (D:6)
  A sky beast (D:5)
  2 ogres
  A centaur (D:6)
  3 bullfrogs
  Dowan (D:6)
  4 scorpions
  3 howler monkeys
  3 hounds
  A bullfrog zombie (D:5)
  4 orc priests
  Crazy Yiuf (D:3)
  Natasha (thrice) (D:2)
  A worker ant (D:5)
  2 orc wizards
  A howler monkey skeleton (D:5)
  3 gnolls (D:4)
  7 adders
  A worker ant zombie (D:2)
  2 shadow imps
  3 white imps
  An ufetubus (D:6)
  An ooze (D:4)
  An adder zombie (D:5)
  An adder skeleton (D:4)
  A worm (D:2)
  2 dart slugs
  6 leopard geckos
  13 orcs
  2 ball pythons
  7 bats
  4 giant cockroaches
  6 hobgoblins
  11 jackals
  6 kobolds
  4 quokkas
  7 frilled lizards
  13 goblins
  A jackal skeleton (D:4)
  A leopard gecko zombie (D:5)
  7 rats
143 creatures vanquished.

Notes
Turn   | Place    | Note
-------+----------+-------------------------------------------
     0 | D:5      | Geeful the Octopode Delver began the quest for the Orb.
     0 | D:5      | Reached XP level 1. HP: 16/16 MP: 1/1
    81 | D:6      | Noticed a scorpion
   266 | D:5      | Noticed a scorpion
   271 | D:5      | Noticed a worker ant
   275 | D:5      | Killed a scorpion
   276 | D:5      | Reached XP level 2. HP: 12/21 MP: 2/2
   276 | D:5      | Reached XP level 3. HP: 15/26 MP: 3/3
   417 | D:5      | Noticed an ogre
   419 | D:5      | Reached XP level 4. HP: 31/31 MP: 4/4
   465 | D:5      | Reached XP level 5. HP: 24/36 MP: 5/5
  1202 | D:3      | Reached skill level 1 in Spellcasting
  1217 | D:2      | Reached skill level 7 in Stealth
  2116 | D:2      | Reached XP level 6. HP: 42/42 MP: 6/8
  2435 | D:2      | Noticed Natasha
  2440 | D:2      | Killed Natasha
  2548 | D:2      | Noticed Natasha
  2562 | D:2      | Killed Natasha
  2663 | D:2      | Noticed Natasha
  2672 | D:2      | Killed Natasha
  3654 | D:3      | Learned a level 1 spell: Magic Dart
  3772 | D:3      | Reached XP level 7. HP: 48/48 MP: 10/10
  3896 | D:3      | Found a runed translucent door.
  3897 | D:3      | Noticed Crazy Yiuf
  3904 | D:3      | Killed Crazy Yiuf
  4392 | D:4      | Reached skill level 8 in Stealth
  4396 | D:4      | Reached skill level 1 in Conjurations
  5042 | D:5      | Reached XP level 8. HP: 45/54 MP: 12/12
  5460 | D:5      | Found a staircase to the Ecumenical Temple.
  5475 | Temple   | Entered the Ecumenical Temple
  5563 | Temple   | Became a worshipper of Vehumet
  6026 | D:6      | Reached skill level 5 in Fighting
  6180 | D:6      | Noticed Duvessa
  6465 | D:6      | Killed Duvessa
  6466 | D:6      | Reached skill level 9 in Stealth
  6499 | D:6      | Noticed Dowan
  6515 | D:6      | Killed Dowan
  6675 | D:6      | Noticed Edmund
  6698 | D:6      | Reached skill level 5 in Dodging
  6985 | D:6      | Reached XP level 9. HP: 56/62 MP: 15/15
  7065 | D:6      | Noticed Maggie
  7080 | D:6      | Killed from afar by Maggie

Illustrated notes

Levels and vault maps discovered:
D:1:      mainiacjoe_arrival_reflecting_pool, layout_basic
D:2:      layout_basic, uniq_natasha
D:3:      layout_rooms, uniq_crazy_yiuf_cottage
D:4:      layout_gridville, hangedman_decor_growths
D:5:      layout_rooms, temple_fountains
D:6:      layout_basic, uniq_duvessa, uniq_edmund, uniq_maggie
Temple:   dpeg_five_rooms_temple

Skill      XL: |  1  2  3  4  5  6  7  8 |
---------------+-------------------------+-----
Shields        | 3 4 |  4.0
Spellcasting   | 1 2 3 4 |  4.2
Stealth        | 7 8 9 |  9.0
Dodging        | 3 4 5 |  5.2
Fighting       | 4 5 |  5.7
Conjurations   | 2 3 |  3.8
Short Blades   | |  2.0

Action                   |  1- 3 |  4- 6 |  7- 9 || total
-------------------------+-------+-------+-------++-------
Melee: Short sword       |     7 |   105 |       ||   112
       Constrict         |     3 |    40 |    36 ||    79
       Tentacles         |     2 |    33 |    39 ||    74
       Whip              |       |    55 |       ||    55
       Dagger            |       |    17 |   180 ||   197
Throw: Dart              |       |       |    32 ||    32
 Cast: Magic Dart        |       |       |    12 ||    12
  Use: Potion            |       |     2 |       ||     2
       Scroll            |       |     6 |     6 ||    12
 Stab: Sleeping          |     2 |    27 |    12 ||    41
       Distracted        |       |     1 |       ||     1
Armor: Skin              |     1 |    10 |     4 ||    15
Dodge: Dodged            |     1 |    94 |    99 ||   194
Block: Buckler           |       |    51 |    53 ||   104
